Map: [ESL] Oceanborn

Players

Astrea - Winner!

  • Race: Protoss Protoss
  • Spawn Location: 11:00

Scarlett

  • Race: Zerg Zerg
  • Spawn Location: 5:00

Event: ESL Spring 2024 Finals

VOD

Have the link to the VOD?

Description

Time

  • Played on: June 1, 2024, 12:35 p.m.
  • Length: 13:24

All games in this series

Show
View Real Time Build Order
Export as new Build Order

Astrea Protoss - Winner!

Build Orders: Nexus First, Oracle Opening 

Get SALT Encoding   

  12  0:00  Probe  
  13  0:12  Probe  
  14  0:17  Pylon  
  14  0:24  Probe  
  15  0:36  Probe  
  16  0:48  Probe  
  17  0:57  Nexus  
  17  1:07  Gateway  
  17  1:10  Probe (Chrono Boost)  
  18  1:15  Assimilator  
  18  1:22  Probe (Chrono Boost)  
  18  1:23  Assimilator  
  19  1:27  Probe (Chrono Boost)  
  20  1:37  Probe  
  20  1:39  Gateway  
  21  1:49  Probe  
  22  1:54  Cybernetics Core  
  23  2:02  Pylon  
  23  2:03  Probe (Chrono Boost)  
  24  2:08  Probe (Chrono Boost)  
  25  2:18  Probe x2 (Chrono Boost)  
  26  2:23  Probe (Chrono Boost)  
  26  2:25  Probe  
  26  2:27  Adept x2 (Chrono Boost)  
  28  2:32  Warp Gate  
  28  2:35  Probe  
  33  2:37  Probe  
  34  2:44  Stargate  
  34  2:47  Probe  
  35  2:51  Probe  
  35  2:57  Stalker  
  38  2:59  Probe  
  38  3:03  Probe  
  38  3:05  Pylon  
  40  3:11  Probe  
  41  3:15  Probe  
  42  3:23  Probe  
  42  3:25  Oracle (Chrono Boost)  
  45  3:27  Adept  
  45  3:28  Probe  
  45  3:32  Adept  
  45  3:34  Pylon  
  51  3:35  Probe  
  51  3:40  Probe  
  53  3:47  Probe  
  54  3:49  Nexus  
  54  3:54  Probe  
  54  3:55  Pylon  
  55  3:56  Oracle (Chrono Boost)  
  55  4:02  Probe  
  59  4:07  Probe  
  59  4:08  Assimilator  
  60  4:11  Assimilator, Pylon  
  60  4:14  Probe  
  61  4:19  Probe  
  61  4:22  Adept x2  
  66  4:26  Probe (Chrono Boost)  
  66  4:31  Robotics Facility, Probe (Chrono Boost)  
  69  4:38  Probe (Chrono Boost)  
  69  4:41  Probe (Chrono Boost)  
  69  4:44  Probe (Chrono Boost)  
  71  4:46  Probe (Chrono Boost)  
  72  4:53  Probe  
  72  4:54  Forge  
  72  4:57  Probe  
  74  5:04  Probe  
  74  5:05  Probe  
  76  5:12  Probe  
  75  5:16  Probe  
  75  5:17  Immortal (Chrono Boost)  
  75  5:18  Probe  
  75  5:20  Protoss Ground Weapons Level 1 (Chrono Boost)  
  75  5:21  Robotics Bay  
  81  5:25  Probe  
  81  5:28  Probe  
  83  5:30  Assimilator x2  
  83  5:31  Pylon  
  83  5:37  Probe x2  
  83  5:40  Stalker x2  
  83  5:41  Probe  
  90  5:45  Shield Battery, Twilight Council  
  90  5:50  Immortal  
  90  5:51  Pylon  
  90  5:54  Probe  
  95  5:58  Probe x2  
  95  6:01  Gateway  
  95  6:02  Gateway  
  97  6:04  Pylon  
  97  6:15  Blink (Chrono Boost)  
  97  6:16  Extended Thermal Lance  
  97  6:18  Robotics Facility  
  97  6:20  Probe  
  98  6:28  Gateway  
  98  6:29  Colossus  
  98  6:31  Gateway  
  98  6:32  Gateway  
  104  6:36  Forge  
  104  6:42  Pylon  
  104  6:47  Gateway  
  104  6:49  Sentry, Photon Cannon  
  106  6:55  Stalker  
  108  7:05  Colossus  
  114  7:11  Pylon x2  
  114  7:12  Protoss Ground Armor Level 1 (Chrono Boost), Pylon  
  114  7:22  Colossus  
  114  7:23  Protoss Ground Weapons Level 2 (Chrono Boost)  
  120  7:38  Nexus  
  120  7:40  Stalker x5  
  120  7:41  Stalker x2  
  134  7:50  Pylon  
  134  7:51  Pylon  
  136  8:06  Stalker x6  
  136  8:11  Stalker  
  150  8:13  Shield Battery  
  150  8:14  Oracle  
  150  8:16  Disruptor (Chrono Boost)  
  151  8:25  Warp Prism (Chrono Boost)  
  151  8:29  Pylon  
  151  8:31  Pylon x2  
  151  8:33  Pylon  
  148  8:50  Stalker x8  
  159  8:57  Probe x3  
  159  9:02  Nexus  
  149  9:09  Probe  
  144  9:10  Disruptor x2 (Chrono Boost), Pylon  
  152  9:17  Pylon  
  152  9:19  Stalker x5  
  162  9:25  Shield Battery  
  162  9:29  Charge  
  162  9:33  Protoss Ground Weapons Level 3 (Chrono Boost)  
  162  9:35  Shield Battery  
  162  9:41  Protoss Ground Armor Level 2 (Chrono Boost)  
  162  9:50  Zealot x8  
  178  9:54  Photon Cannon  
  152  10:14  Stalker x6  
  164  10:24  Zealot x2  
  166  10:39  Probe x3  
  166  10:40  Probe  
  166  10:41  Templar Archives  
  166  10:42  Zealot x5  
  172  10:43  Zealot  
  170  11:00  Stalker x2  
  174  11:04  Immortal (Chrono Boost)  
  174  11:05  Probe  
  174  11:09  Psionic Storm  
  175  11:12  Immortal (Chrono Boost)  
  163  11:28  High Templar x3  
  163  11:29  High Templar  
  163  11:31  Zealot x4  
  171  11:35  Immortal (Chrono Boost)  
  171  11:37  Assimilator  
  171  11:38  Assimilator  
  171  11:39  Photon Cannon  
  171  11:42  Pylon  
  171  11:49  Immortal  
  173  12:04  Zealot x6  
  173  12:05  Zealot x2  
  189  12:13  Immortal  
  191  12:32  Immortal (Chrono Boost)  
  191  12:37  Zealot x4  
  199  12:59  Gateway  
  199  13:01  Gateway  
  199  13:02  Observer (Chrono Boost)  
  199  13:04  Fleet Beacon  
Show
View Real Time Build Order
Export as new Build Order

Scarlett Zerg 

Build Orders: Hatch First, Lurkers, Roach Hydra 

Get SALT Encoding   

  12  0:00  Drone  
  13  0:12  Overlord  
  13  0:17  Drone  
  14  0:30  Drone x2  
  16  0:46  Hatchery  
  15  0:50  Drone  
  15  0:53  Drone  
  17  0:57  Drone  
  18  1:08  Extractor  
  17  1:12  Spawning Pool  
  17  1:16  Drone  
  17  1:18  Drone  
  18  1:27  Drone  
  19  1:39  Drone  
  20  1:50  Drone  
  21  1:58  Drone  
  21  1:59  Queen x2  
  26  2:02  Drone  
  27  2:13  Hatchery  
  26  2:18  Metabolic Boost  
  26  2:23  Overlord  
  26  2:26  Drone  
  26  2:28  Drone  
  28  2:41  Queen  
  28  2:42  Zergling x2  
  28  2:43  Drone x2  
  33  2:47  Overlord  
  33  2:51  Zergling x2  
  33  2:52  Zergling x2  
  33  2:54  Zergling x2  
  36  3:03  Overlord  
  36  3:05  Queen  
  36  3:07  Zergling x2  
  36  3:08  Drone  
  36  3:11  Drone  
  41  3:18  Drone x3  
  44  3:22  Queen  
  44  3:24  Drone  
  47  3:29  Drone x2  
  49  3:38  Drone x5  
  54  3:46  Queen  
  54  3:47  Spore Crawler  
  54  3:48  Overlord  
  55  3:53  Drone x3  
  58  3:58  Overlord  
  58  3:59  Overlord  
  58  4:05  Overlord  
  58  4:07  Drone x2  
  58  4:09  Spore Crawler  
  59  4:13  Drone x3  
  62  4:20  Drone x2  
  62  4:22  Drone x4  
  66  4:29  Drone x4  
  69  4:40  Zergling x8  
  69  4:41  Roach Warren  
  69  4:44  Zergling x6  
  75  4:48  Zergling x6  
  78  4:54  Drone x3  
  78  4:55  Lair  
  78  5:07  Drone  
  78  5:08  Drone x6  
  78  5:11  Drone x2  
  78  5:13  Extractor  
  86  5:17  Drone x3  
  86  5:18  Extractor  
  89  5:21  Drone  
  89  5:23  Overlord  
  89  5:28  Evolution Chamber  
  88  5:29  Overlord  
  88  5:30  Hatchery  
  88  5:34  Overlord  
  87  5:37  Extractor  
  87  5:38  Drone x4, Extractor  
  87  5:39  Extractor  
  87  5:42  Overlord  
  88  5:46  Drone  
  88  5:47  Drone x7  
  96  5:54  Overlord  
  96  5:59  Glial Reconstitution  
  96  6:00  Hydralisk Den, Roach x3, Zerg Missile Weapons Level 1  
  101  6:06  Spore Crawler  
  100  6:16  Roach x8  
  116  6:26  Overlord x4  
  116  6:29  Hydralisk x3, Grooved Spines  
  122  6:39  Overlord x4  
  122  6:46  Drone  
  124  6:47  Drone x7  
  124  6:53  Hydralisk x3  
  136  7:01  Hydralisk x3  
  136  7:07  Hydralisk x3  
  148  7:13  Hydralisk x3  
  148  7:15  Extractor  
  153  7:18  Hydralisk x2  
  153  7:19  Muscular Augments  
  150  7:38  Hydralisk x2  
  150  7:39  Hydralisk x3  
  150  7:40  Hydralisk x2  
  162  7:48  Roach x5  
  162  7:50  Zergling x12, Roach x2  
  182  8:02  Roach  
  182  8:03  Roach x3  
  182  8:04  Ravager x2  
  190  8:07  Roach x3  
  190  8:12  Roach x3  
  195  8:28  Zerg Missile Weapons Level 2  
  195  8:29  Infestation Pit  
  192  8:45  Roach x6  
  190  8:56  Roach x5  
  175  9:06  Drone x6  
  175  9:09  Extractor  
  168  9:10  Hive  
  168  9:11  Roach x15  
  198  9:18  Ravager  
  198  9:19  Hatchery  
  196  9:43  Overseer  
  190  9:46  Roach x4  
  190  9:50  Ravager  
  195  9:56  Lurker Den  
  178  10:10  Roach  
  178  10:11  Roach x16  
  180  10:18  Spore Crawler  
  175  10:21  Viper x2  
  175  10:23  Roach x7  
  189  10:31  Roach x8  
  199  10:38  Ravager  
  200  10:47  Hatchery  
  166  10:57  Roach x10  
  166  11:01  Roach x10  
  138  11:38  Hatchery  
  137  11:40  Drone, Seismic Spines  
  137  11:41  Hydralisk x6  
  137  11:46  Zergling x2, Roach x2  
  155  11:47  Hatchery, Queen x2  
  155  11:49  Overlord x2  
  158  11:55  Roach x2  
  162  12:02  Roach x2  
  162  12:03  Overseer  
  166  12:16  Extractor  
  166  12:17  Drone x3  
  166  12:20  Extractor  
  166  12:21  Drone x3  
  160  12:27  Roach x2  
  148  12:44  Lurker x4  
  148  12:49  Drone x2  
  148  12:50  Drone  
  148  12:51  Drone x3  
  158  12:57  Lurker x2, Hydralisk x2  
  149  13:01  Lurker  
  152  13:12  Lurker x2  
Tags
 
Add a new tag
Caveats
  • Supply blocks, unpowered buildings, or Contaminate may cause inaccurate times.
  • Supply counts are checked every 10 seconds.